 Dungeon Crawl Stone Soup version 0.30-a0-341-g682706514a (webtiles) character file.

Game seed: 13563356237300879099

201 zishaf the Magician (level 6, 0/46 HPs)
             Began as a Djinni Venom Mage on Nov 1, 2022.
             Slain by a necrophage (4 damage)
             ... on level 4 of the Dungeon.
             The game lasted 00:05:00 (2669 turns).

zishaf the Magician (Djinni Venom Mage)             Turns: 2669, Time: 00:05:00

Health: 0/46       AC:  2    Str:  7    XL:     6   Next: 7%
Gold:   73         EV: 12    Int: 19    God:
                   SH:  0    Dex: 13

rFire   + + .      SeeInvis .    m - +3 mace (drain)
rCold   x . .      Faith    .    (no shield)
rNeg    . . .      Spirit   .    a - +0 robe
rPois   ∞          Reflect  .    (no helmet)
rElec   .          Harm     .    (no cloak)
rCorr   .          Rampage  .    (no gloves)
Will    .....                    (boots unavailable)
Stlth   ++........               (no amulet)
HPRegen 0.27/turn                (no ring)
MPRegen 0.00/turn                (no ring)

@: flying
A: sickness immunity, fire resistance 2, cold vulnerability 1, float, innate
caster, HP casting, extra vitality 1
a: no special abilities


You were on level 4 of the Dungeon.
You visited 2 branches of the dungeon, and saw 5 of its levels.

You collected 73 gold pieces.

Inventory:

Hand Weapons
 f - a +0 dagger
 l - a +2 quarterstaff of draining
 m - a +3 mace of draining (weapon)
Armour
 a - a +0 robe (worn)
Magical Staves
 k - a staff of fire
Scrolls
 b - a scroll of poison {unknown}
 c - 2 scrolls of teleportation {unknown}
 g - 3 scrolls of magic mapping
 h - a scroll of amnesia {unknown}
 j - 2 scrolls of identify {unknown}
 n - 3 scrolls of enchant weapon {unknown}
 o - a scroll of immolation {unknown}
 q - a scroll of butterflies {unknown}
Potions
 d - a potion of lignification {unknown}
 e - a potion of heal wounds {unknown}
 i - 2 potions of curing {unknown}
 p - a potion of berserk rage {unknown}


   Skills:
 + Level 3.6 Fighting
 - Level 2.1 Dodging
 - Level 1.5 Stealth
 + Level 3.8 Spellcasting


You couldn't memorise any spells.
You knew the following spells:

 Your Spells              Type           Power      Damage    Failure   Level
a - Sting                 Tmut/Pois      72%        1d6       3%          1
b - Poisonous Vapours     Pois/Air       36%        N/A       4%          2
c - Shock                 Conj/Air       72%        1d7       3%          1
z - Mephitic Cloud        Conj/Pois/Air  18%        N/A       9%          3
A - Call Imp              Summ           18%        N/A       4%          2
B - Olgreb's Toxic Radia  Pois           18%        N/A       28%         4
Your spell library was empty.

Dungeon Overview and Level Annotations

Branches:
Dungeon (4/15)             Temple (1/1) D:4

Altars:
Ashenzari
Cheibriados
Dithmenos
Elyvilon
Fedhas
Gozag
Hepliaklqana
Nemelex Xobeh
Okawaru
Qazlal
Uskayaw
Wu Jian
Yredelemnul
Zin
The Shining One


Innate Abilities, Weirdness & Mutations

You are immune to sickness and miasma.
You are immune to poison.
Your flesh is very heat resistant. (rF++)
You are vulnerable to cold. (rC-)
You float through the air rather than walking.
You learn spells naturally, not from books.
Your magical power is your life essence.
You have superior vitality. (+4 MHP)


Message History

The zap misses the necrophage.
The necrophage hits you!
Your crimson imp blinks!
Casting: Shock (safe; 3% risk of failure)
Confirm with . or Enter, or press ? or * to list all spells.
Aiming: Shock (safe; 3% risk of failure)
Press: ? - help, Shift-Dir - straight line, f/p - necrophage
Aim: a necrophage (lightly damaged, ally target, 71% to hit)
The zap misses the necrophage.
The necrophage hits you.
Your crimson imp blinks!
Casting: Shock (safe; 3% risk of failure)
Confirm with . or Enter, or press ? or * to list all spells.
Aiming: Shock (safe; 3% risk of failure)
Press: ? - help, Shift-Dir - straight line, f/p - necrophage
Aim: a necrophage (lightly damaged, 71% to hit)
The zap misses the necrophage.
* * * LOW HITPOINT WARNING * * *
The necrophage hits you.
* * * LOW HITPOINT WARNING * * *
Your magical contamination has completely faded away.
The necrophage closely misses you.
You swap places.
The necrophage hits you.
* * * LOW HITPOINT WARNING * * *
Your crimson imp hits the necrophage but does no damage.
Your crimson imp barely misses the necrophage.
The necrophage attacks as you move away!
The necrophage misses you.
The necrophage attacks as you move away!
The necrophage hits you.
* * * LOW HITPOINT WARNING * * *
The necrophage attacks as you move away!
The necrophage misses you.
The necrophage attacks as you move away!
The necrophage hits you but does no damage.
Casting: Shock (safe; 3% risk of failure)
Confirm with . or Enter, or press ? or * to list all spells.
A beastly little devil appears in a puff of frigid air.
* * * LOW HITPOINT WARNING * * *
Your crimson imp disappears in a puff of smoke!
The necrophage hits you.
You die...

,*,***##...8.>.8###+#.+,.,,,,,***
,,,,,*#..............##..,,,*****
,,,,,*#...##[8.#........,,,,,,,,,
,,,,,*#..............##..,,******
,,,**#....#..............,,,,,,,,
,,***....*#.....5...#.#**,*******
,***,..#**#...§###..#$# *,* *,,,,
,**,,#** #....n......#**,***,***
,*,,***** #....)@...#.#*,,,,,,,,,
,**,,*,,**##...5.<..#,#*,,***,***
,,**,,,,,**#.....)..#,**,,***,,,,
,,,***,,_∩*##....##.#,,,,,,,,,,,,
,,,,***,,** #....#*.#*,,,,,,*****
,,,,,,******#..).##..,,***,,,,,**
,,,,,,,,,,,*#.....###.**,*****,,*
,,,,,,,,,,,*##....#,,.#,,,,,,**,,
,,,,,,,,,,,* #....#,,*#,,*,,,,**,


You could see a necrophage (ally target) and a friendly white imp (summoned).

Vanquished Creatures
  A hound skeleton (D:4)
  A howler monkey zombie (D:3)
  8 gnolls
  4 adders
  An adder zombie (D:3)
  A worm (D:2)
  2 dart slugs
  6 ball pythons
  6 endoplasms
  2 giant cockroaches (D:1)
  7 goblins
  A hobgoblin (D:1)
  3 quokkas
  3 bats
  3 frilled lizards
  A giant cockroach zombie (D:3)
  3 kobolds
  6 rats
59 creatures vanquished.

Vanquished Creatures (collateral kills)
  An adder zombie (D:3)
1 creature vanquished.

Grand Total: 60 creatures vanquished

Notes
Turn   | Place    | Note
-------+----------+-------------------------------------------
     0 | D:1      | zishaf the Djinni Venom Mage began the quest for the Orb.
     0 | D:1      | zishaf set off with the following spells memorised: Sting,
                  | Poisonous Vapours, Mephitic Cloud, Olgreb's Toxic Radiance.
     0 | D:1      | Reached XP level 1. HP: 15/15 MP: 0/0
   131 | D:1      | Reached skill level 1 in Fighting
   131 | D:1      | Reached XP level 2. HP: 18/22 MP: 0/0
   522 | D:1      | Reached XP level 3. HP: 15/27 MP: 0/0
   522 | D:1      | Learned a level 1 spell: Shock
  1123 | D:2      | Reached XP level 4. HP: 31/33 MP: 0/0
  1675 | D:3      | Reached XP level 5. HP: 26/40 MP: 0/0
  1675 | D:3      | Learned a level 2 spell: Call Imp
  2158 | D:3      | Found a basalt altar of Yredelemnul.
  2400 | D:4      | Found a staircase to the Ecumenical Temple.
  2409 | Temple   | Entered the Ecumenical Temple
  2555 | D:4      | Reached XP level 6. HP: 20/46 MP: 0/0
  2669 | D:4      | Slain by a necrophage

Illustrated notes

Levels and vault maps discovered:
D:1:      amcnicky_arrival_flooded_fountain, layout_basic, st_stairs_9
D:2:      layout_loops_ring
D:3:      layout_basic, nicolae_yredelemnul_corpse_copse
D:4:      layout_basic, makhleb_blood_cavern_becter,
          minmay_temple_entry_statues_pillars, gammafunk_ghost_stat_death,
          nicolae_shop_clearance
Temple:   sentei_temple_godly_chess

Skill      XL: |  1  2  3  4  5 |
---------------+----------------+-----
Fighting       | 1 2 3 |  3.6
Spellcasting   | 3 |  3.8
Dodging        | |  2.1
Stealth        | |  1.5

Action                   |  1- 3 |  4- 6 || total
-------------------------+-------+-------++-------
Melee: Mace              |     5 |    70 ||    75
       Punch             |       |     4 ||     4
 Cast: Sting             |    57 |    27 ||    84
       Shock             |     1 |     5 ||     6
       Mephitic Cloud    |       |     2 ||     2
       Call Imp          |       |     3 ||     3
  Use: Scroll            |       |     1 ||     1
 Stab: Sleeping          |     1 |     4 ||     5
       Confused          |       |     1 ||     1
       Distracted        |       |     2 ||     2
Armor: Robe              |     3 |    28 ||    31
Dodge: Dodged            |    24 |    63 ||    87

Table legend: (Time is in decaauts)
 A = Elapsed time spent in this place.
 B = Non-inter-level travel time spent in this place.
 C = Inter-level travel time spent in this place.
 D = Time resting spent in this place.
 E = Time spent auto-exploring this place.
 F = Levels seen in this place.
 G = Mean time per level.
                   A        B        C        D        E       F      G
               +--------+--------+--------+--------+--------+-----+--------+
         Total |   2697 |   2618 |     79 |    169 |   1941 |   5 |  539.4 |
       Dungeon |   2574 |   2499 |     75 |     75 |   1941 |   4 |  643.5 |
        Temple |    122 |    118 |      4 |     94 |      0 |   1 |  122.0 |
               +--------+--------+--------+--------+--------+-----+--------+

Top non-repeatable levels by time:
     D:3: 891 daAuts
     D:1: 858 daAuts
     D:2: 666 daAuts
     D:4: 158 daAuts
  Temple: 122 daAuts
